| TOP OF THE 1ST |
|
Philadelphia Phillies batting - Pitching for Boston Red Sox : RHP Justin Whitesack
|
|
Pitching: RHP Justin Whitesack
|
|
|
Batting: RHB Ji-an Li
|
0-0: Ball 1-0: Foul Ball, location: 2F 1-1: Ball 2-1: Swinging Strike 2-2: Strikes out swinging
|
|
Batting: LHB Nick Canizales
|
0-0: DOUBLE (Groundball, 3L, EV 100.6 MPH)
|
|
Batting: LHB Alberto Figueroa
|
0-0: Swinging Strike 0-1: Called Strike 0-2: Ball Wild Pitch! Nick Canizales to third 1-2: Foul Ball, location: 2F 1-2: Strikes out swinging
|
|
Batting: LHB Ryan Trombley
|
0-0: Ball 1-0: Called Strike 1-1: Ball 2-1: SINGLE (Line Drive, 4MD, EV 98.8 MPH) Nick Canizales scores
|
|
Batting: RHB Raul de la Cruz
|
0-0: Ball 1-0: Ball 2-0: Called Strike 2-1: Ball 3-1: Called Strike 3-2: Ground out 6-3 (Groundball, 6, EV 85.0 MPH)
|
| Top of the 1st over - 1 run, 2 hits, 0 errors, 1 left on base; Philadelphia 1 - Boston 0 |
| BOTTOM OF THE 1ST |
|
Boston Red Sox batting - Pitching for Philadelphia Phillies : LHP Ayaz bin Jalal
|
|
Pitching: LHP Ayaz bin Jalal
|
|
|
Batting: SHB Robbie Rogers
|
0-0: Called Strike 0-1: Called Strike 0-2: Ball 1-2: Ball 2-2: SINGLE (Groundball, 34D, EV 103.8 MPH)
|
|
Batting: LHB Xavier Pittman
|
Pickoff Throw to First - Out! 1-3 0-0: Ball 1-0: Swinging Strike 1-1: Ball 2-1: Swinging Strike 2-2: Ball 3-2: DOUBLE (Line Drive, 7LD, EV 100.6 MPH)
|
|
Batting: SHB Mark Rennie
|
0-0: Fly out, F9 (Flyball, 9, EV 87.5 MPH)
|
|
Batting: RHB Chris Lane
|
0-0: Called Strike 0-1: Ground out 5-3 (Groundball, 56, EV 85.0 MPH)
|
| Bottom of the 1st over - 0 runs, 2 hits, 0 errors, 1 left on base; Philadelphia 1 - Boston 0 |
| TOP OF THE 2ND |
|
Philadelphia Phillies batting - Pitching for Boston Red Sox : RHP Justin Whitesack
|
|
Batting: LHB Rich Sullivan
|
0-0: Ball 1-0: Ball 2-0: Called Strike 2-1: Ball 3-1: Base on Balls
|
|
Batting: RHB Chef Belew
|
0-0: Sac Bunt to 25 - play at first, batter OUT! 5-3 Rich Sullivan to second
|
|
Batting: SHB Patrick Kimmel
|
0-0: Ball 1-0: Ball 2-0: Foul Ball, location: 2F 2-1: Swinging Strike 2-2: Foul Ball, location: 2F 2-2: Strikes out looking
|
|
Batting: RHB Luis Arce
|
0-0: Foul Ball, location: 2F 0-1: Foul Ball, location: 2F 0-2: Ball 1-2: Foul Ball, location: 2F 1-2: 2-RUN HOME RUN (Flyball, 7LD, EV 89.4 MPH), Distance : 342 ft
|
|
Batting: RHB Ji-an Li
|
0-0: Fly out, F7 (Flyball, 7, EV 91.3 MPH)
|
| Top of the 2nd over - 2 runs, 1 hit, 0 errors, 0 left on base; Philadelphia 3 - Boston 0 |
| BOTTOM OF THE 2ND |
|
Boston Red Sox batting - Pitching for Philadelphia Phillies : LHP Ayaz bin Jalal
|
|
Batting: SHB Rich Chavez
|
0-0: Called Strike 0-1: Ball 1-1: Ball 2-1: SINGLE (Line Drive, 56D, EV 99.4 MPH)
|
|
Batting: RHB Manny Vergara
|
0-0: Ball 1-0: Ball 2-0: Ball 3-0: Base on Balls Rich Chavez to second
|
|
Batting: LHB Kevin McCormic Jr.
|
0-0: Ball 1-0: Called Strike 1-1: Swinging Strike 1-2: Ball 2-2: Foul Ball, location: 2F 2-2: Fly out, F8 (Flyball, 8LM, EV 87.5 MPH)
|
|
Batting: RHB Nick Esteves
|
0-0: Swinging Strike 0-1: Fly out, F7 (Flyball, 7LM, EV 102.5 MPH)
|
|
Batting: SHB Brace Harper
|
0-0: Called Strike 0-1: Ball 1-1: Ball 2-1: Foul Ball, location: 2F 2-2: SINGLE (Flyball, 8RS, EV 90.6 MPH) Rich Chavez to third Manny Vergara to second
|
|
Batting: SHB Robbie Rogers
|
0-0: Ball 1-0: Fielders Choice at 2nd, 6-4 (Groundball, 6, EV 93.1 MPH)
|
| Bottom of the 2nd over - 0 runs, 2 hits, 0 errors, 3 left on base; Philadelphia 3 - Boston 0 |
| TOP OF THE 3RD |
|
Philadelphia Phillies batting - Pitching for Boston Red Sox : RHP Justin Whitesack
|
|
Batting: LHB Nick Canizales
|
0-0: Ball 1-0: Foul Ball, location: 2F 1-1: Foul Ball, location: 2F 1-2: Strikes out swinging
|
|
Batting: LHB Alberto Figueroa
|
0-0: Swinging Strike 0-1: Ball 1-1: Ball 2-1: Ball 3-1: Fly out, F9 (Line Drive, 9, EV 95.0 MPH)
|
|
Batting: LHB Ryan Trombley
|
0-0: Ball 1-0: Ball 2-0: Ball 3-0: Called Strike 3-1: Foul Ball, location: 2F 3-2: Foul Ball, location: 2F 3-2: Strikes out swinging
|
| Top of the 3rd over - 0 runs, 0 hits, 0 errors, 0 left on base; Philadelphia 3 - Boston 0 |
| BOTTOM OF THE 3RD |
|
Boston Red Sox batting - Pitching for Philadelphia Phillies : LHP Ayaz bin Jalal
|
|
Batting: LHB Xavier Pittman
|
0-0: Foul Ball, location: 2F 0-1: Fly out, F6 (Line Drive, 6, EV 73.1 MPH)
|
|
Batting: SHB Mark Rennie
|
0-0: Ball 1-0: Swinging Strike 1-1: Foul Ball, location: 2F 1-2: SINGLE (Groundball, 25, EV 74.4 MPH) (infield hit)
|
|
Batting: RHB Chris Lane
|
0-0: Called Strike 0-1: Ball Mark Rennie steals 2nd base (no throw) 1-1: SINGLE (Groundball, 34D, EV 110.0 MPH) Mark Rennie to third Runner from 3rd tries for Home, throw by RF and OUT! 9-2
|
|
Batting: SHB Rich Chavez
|
0-0: Swinging Strike 0-1: SINGLE (Groundball, 6MD, EV 96.9 MPH) Chris Lane to second
|
|
Batting: RHB Manny Vergara
|
0-0: Ball 1-0: Ball 2-0: Ball 3-0: Called Strike 3-1: Fly out, F8 (Flyball, 8LS, EV 95.6 MPH)
|
| Bottom of the 3rd over - 0 runs, 3 hits, 0 errors, 2 left on base; Philadelphia 3 - Boston 0 |
| TOP OF THE 4TH |
|
Philadelphia Phillies batting - Pitching for Boston Red Sox : RHP Justin Whitesack
|
|
Batting: RHB Raul de la Cruz
|
0-0: Foul Ball, location: 2F 0-1: Ball 1-1: Ball 2-1: Swinging Strike 2-2: Foul Ball, location: 2F 2-2: Strikes out swinging
|
|
Batting: LHB Rich Sullivan
|
0-0: Called Strike 0-1: Ball 1-1: Fly out, F8 (Flyball, 8LD, EV 104.4 MPH)
|
|
Batting: RHB Chef Belew
|
0-0: Hit by Pitch
|
|
Batting: SHB Patrick Kimmel
|
0-0: Foul Ball, location: 2F 0-1: Called Strike 0-2: Ground out U3 (Groundball, 3, EV 104.4 MPH)
|
| Top of the 4th over - 0 runs, 0 hits, 0 errors, 1 left on base; Philadelphia 3 - Boston 0 |
| BOTTOM OF THE 4TH |
|
Boston Red Sox batting - Pitching for Philadelphia Phillies : LHP Ayaz bin Jalal
|
|
Batting: LHB Kevin McCormic Jr.
|
0-0: Ball 1-0: Foul Ball, location: 2F 1-1: Foul Ball, location: 2F 1-2: Ball 2-2: Strikes out swinging, 2-3 out at first.
|
|
Batting: RHB Nick Esteves
|
0-0: Ball 1-0: Ball 2-0: Called Strike 2-1: Ball 3-1: Base on Balls
|
|
Batting: SHB Brace Harper
|
0-0: Ball 1-0: Swinging Strike 1-1: Fly out, F5 (Popup, 56, EV 74.4 MPH)
|
|
Batting: SHB Robbie Rogers
|
0-0: Ball 1-0: Ball 2-0: Foul Ball, location: 2F 2-1: Ball 3-1: SINGLE (Groundball, 56D, EV 101.3 MPH) Nick Esteves to second
|
|
Batting: LHB Xavier Pittman
|
0-0: Called Strike 0-1: Ball 1-1: 3-RUN HOME RUN (Line Drive, 9LD, EV 96.3 MPH), Distance : 347 ft
|
|
Batting: SHB Mark Rennie
|
0-0: Called Strike 0-1: Fly out, F9 (Flyball, 89XD, EV 101.9 MPH)
|
| Bottom of the 4th over - 3 runs, 2 hits, 0 errors, 0 left on base; Philadelphia 3 - Boston 3 |
| TOP OF THE 5TH |
|
Philadelphia Phillies batting - Pitching for Boston Red Sox : RHP Justin Whitesack
|
|
Batting: RHB Luis Arce
|
0-0: Ball 1-0: Foul Ball, location: 2F 1-1: Swinging Strike 1-2: Foul Ball, location: 2F 1-2: Strikes out looking
|
|
Batting: RHB Ji-an Li
|
0-0: Ground out 1-3 (Groundball, 13S, EV 72.5 MPH)
|
|
Batting: LHB Nick Canizales
|
0-0: Ball 1-0: Ground out 3-1 (Groundball, 34, EV 85.6 MPH)
|
| Top of the 5th over - 0 runs, 0 hits, 0 errors, 0 left on base; Philadelphia 3 - Boston 3 |
| BOTTOM OF THE 5TH |
|
Boston Red Sox batting - Pitching for Philadelphia Phillies : LHP Ayaz bin Jalal
|
|
Batting: RHB Chris Lane
|
0-0: Ball 1-0: Ball 2-0: Called Strike 2-1: Ball 3-1: Swinging Strike 3-2: Foul Ball, location: 2F 3-2: Strikes out swinging
|
|
Batting: SHB Rich Chavez
|
0-0: Ball 1-0: Foul Ball, location: 2F 1-1: Foul Ball, location: 2F 1-2: Ball 2-2: SOLO HOME RUN (Flyball, 7D, EV 100.6 MPH), Distance : 390 ft
|
|
Batting: RHB Manny Vergara
|
0-0: Ball 1-0: Ball 2-0: DOUBLE (Groundball, 5L, EV 95.0 MPH)
|
|
Batting: LHB Kevin McCormic Jr.
|
0-0: Ball 1-0: Foul Ball, location: 2F 1-1: Called Strike 1-2: Ball 2-2: Ball 3-2: SINGLE (Line Drive, 89S, EV 92.5 MPH) Manny Vergara to third
|
|
Batting: RHB Nick Esteves
|
0-0: Ball 1-0: Foul Ball, location: 2F 1-1: Ball 2-1: Swinging Strike 2-2: Ball 3-2: Strikes out looking
|
|
Pitching: RHP Brandon Tuckson
|
|
|
Batting: SHB Brace Harper
|
0-0: Called Strike 0-1: Swinging Strike 0-2: Ground out 1-3 (Groundball, 13S, EV 68.8 MPH)
|
| Bottom of the 5th over - 1 run, 3 hits, 0 errors, 2 left on base; Philadelphia 3 - Boston 4 |
| TOP OF THE 6TH |
|
Philadelphia Phillies batting - Pitching for Boston Red Sox : RHP Justin Whitesack
|
|
Batting: LHB Alberto Figueroa
|
0-0: Called Strike 0-1: SOLO HOME RUN (Flyball, 9D, EV 103.8 MPH), Distance : 406 ft
|
|
Batting: LHB Ryan Trombley
|
0-0: Ball 1-0: Foul Ball, location: 2F 1-1: Ball 2-1: Swinging Strike 2-2: Foul Ball, location: 2F 2-2: Strikes out looking
|
|
Batting: RHB Raul de la Cruz
|
0-0: Ball 1-0: Called Strike 1-1: Called Strike 1-2: Strikes out swinging
|
|
Batting: LHB Rich Sullivan
|
0-0: Ball 1-0: Ball 2-0: Fly out, F5 (Flyball, 56D, EV 91.3 MPH)
|
| Top of the 6th over - 1 run, 1 hit, 0 errors, 0 left on base; Philadelphia 4 - Boston 4 |
| BOTTOM OF THE 6TH |
|
Boston Red Sox batting - Pitching for Philadelphia Phillies : RHP Brandon Tuckson
|
|
Batting: SHB Robbie Rogers
|
0-0: Called Strike 0-1: Ball 1-1: Ground out 6-3 (Groundball, 6, EV 86.9 MPH)
|
|
Batting: LHB Xavier Pittman
|
0-0: Called Strike 0-1: Ball 1-1: SINGLE (Groundball, 56, EV 110.0 MPH)
|
|
Batting: SHB Mark Rennie
|
0-0: Ball 1-0: SINGLE (Line Drive, 9S, EV 95.0 MPH) Xavier Pittman to second Runner from 2nd tries for 3rd, SAFE, throw by RF made to third
|
|
Pinch Hitting: LHB Ernesto Cedillos
|
0-0: Ball Mark Rennie is caught stealing 2nd base 2-6 1-0: Foul Ball, location: 2F 1-1: Foul Ball, location: 2F 1-2: Foul Ball, location: 2F 1-2: Ball 2-2: Strikes out swinging
|
| Bottom of the 6th over - 0 runs, 2 hits, 0 errors, 1 left on base; Philadelphia 4 - Boston 4 |
| TOP OF THE 7TH |
|
Philadelphia Phillies batting - Pitching for Boston Red Sox : RHP Justin Whitesack
|
|
Now at 1B: Ernesto Cedillos
|
|
|
Batting: RHB Chef Belew
|
0-0: Ball 1-0: Ground out 6-3 (Groundball, 56, EV 85.0 MPH)
|
|
Batting: SHB Patrick Kimmel
|
0-0: Called Strike 0-1: Ball 1-1: Foul Ball, location: 2F 1-2: Foul Ball, location: 2F 1-2: Foul Ball, location: 2F 1-2: Foul Ball, location: 2F 1-2: DOUBLE (Flyball, 78D, EV 103.1 MPH)
|
|
Pitching: RHP Fred Huber
|
|
|
Batting: RHB Luis Arce
|
0-0: Called Strike 0-1: DOUBLE (Line Drive, 9LM, EV 95.6 MPH) Patrick Kimmel scores
|
|
Batting: RHB Ji-an Li
|
0-0: Called Strike 0-1: Foul Ball, location: 2F 0-2: TRIPLE (Flyball, 89XD, EV 100.6 MPH) Luis Arce scores
|
|
Batting: LHB Nick Canizales
|
0-0: Called Strike 0-1: SINGLE (Groundball, 34S, EV 70.0 MPH) (infield hit)
|
|
Batting: LHB Alberto Figueroa
|
0-0: Ball 1-0: Foul Ball, location: 2F 1-1: Called Strike 1-2: Strikes out looking
|
|
Batting: LHB Ryan Trombley
|
0-0: Called Strike 0-1: Ball 1-1: Called Strike 1-2: Foul Ball, location: 2F 1-2: Strikes out swinging
|
| Top of the 7th over - 2 runs, 4 hits, 0 errors, 2 left on base; Philadelphia 6 - Boston 4 |
| BOTTOM OF THE 7TH |
|
Boston Red Sox batting - Pitching for Philadelphia Phillies : RHP Brandon Tuckson
|
|
Batting: SHB Rich Chavez
|
0-0: Called Strike 0-1: Ball 1-1: Swinging Strike 1-2: Foul Ball, location: 2F 1-2: Ball 2-2: Strikes out swinging
|
|
Pinch Hitting: LHB Shoichi Aso
|
0-0: Called Strike 0-1: Foul Ball, location: 2F 0-2: Ball 1-2: Strikes out swinging
|
|
Batting: LHB Kevin McCormic Jr.
|
0-0: Foul Ball, location: 2F 0-1: Called Strike 0-2: Ball 1-2: Strikes out swinging
|
| Bottom of the 7th over - 0 runs, 0 hits, 0 errors, 0 left on base; Philadelphia 6 - Boston 4 |
| TOP OF THE 8TH |
|
Philadelphia Phillies batting - Pitching for Boston Red Sox : RHP Fred Huber
|
|
Now at C: Won-jun Park
|
|
|
Batting: RHB Raul de la Cruz
|
0-0: Called Strike 0-1: Fly out, F6 (Popup, 6MS, EV 69.4 MPH)
|
|
Batting: LHB Rich Sullivan
|
0-0: Swinging Strike 0-1: Ball 1-1: Ball 2-1: Foul Ball, location: 2F 2-2: Strikes out swinging
|
|
Batting: RHB Chef Belew
|
0-0: Called Strike 0-1: Swinging Strike 0-2: Ball 1-2: Ball 2-2: Foul Ball, location: 2F 2-2: Foul Ball, location: 2F 2-2: Ball 3-2: Ground out 6-3 (Groundball, 6S, EV 86.9 MPH)
|
| Top of the 8th over - 0 runs, 0 hits, 0 errors, 0 left on base; Philadelphia 6 - Boston 4 |
| BOTTOM OF THE 8TH |
|
Boston Red Sox batting - Pitching for Philadelphia Phillies : RHP Brandon Tuckson
|
|
Pitching: RHP Rico Romero
|
|
|
Batting: RHB Nick Esteves
|
0-0: Ball 1-0: Ball 2-0: Ball 3-0: Base on Balls
|
|
Batting: SHB Brace Harper
|
0-0: Ball 1-0: Ball 2-0: Foul Ball, location: 2F 2-1: Ball 3-1: Base on Balls Nick Esteves to second
|
|
Batting: SHB Robbie Rogers
|
0-0: Bunted foul 0-1: Sac Bunt to 3S - play at first, batter OUT! 3-1 Nick Esteves to third Brace Harper to second
|
|
Batting: LHB Xavier Pittman
|
0-0: DOUBLE (Flyball, 8RXD, EV 87.5 MPH) Nick Esteves scores Brace Harper scores
|
|
Batting: SHB Mark Rennie
|
0-0: Called Strike 0-1: Fly out, F3 (Line Drive, 3, EV 70.0 MPH)
|
|
Batting: LHB Ernesto Cedillos
|
0-0: Hit by Pitch
|
|
Batting: SHB Rich Chavez
|
0-0: Fielders Choice at 2nd, U6 (Groundball, 6M, EV 82.5 MPH)
|
| Bottom of the 8th over - 2 runs, 1 hit, 0 errors, 2 left on base; Philadelphia 6 - Boston 6 |
| TOP OF THE 9TH |
|
Philadelphia Phillies batting - Pitching for Boston Red Sox : RHP Fred Huber
|
|
Pitching: RHP Guadalupe Vasguez
|
|
|
Batting: SHB Patrick Kimmel
|
0-0: SINGLE (Groundball, 25, EV 69.4 MPH) (infield hit)
|
|
Pinch Hitting: SHB Rafael Vazquez
|
0-0: Ball 1-0: Ball 2-0: Foul Ball, location: 2F 2-1: Called Strike 2-2: Foul Ball, location: 2F 2-2: Ground out U3 (Groundball, 3S, EV 65.0 MPH) Patrick Kimmel to second
|
|
Pinch Hitting: LHB Jeff Luvisi
|
0-0: Ball 1-0: Swinging Strike 1-1: Ball 2-1: Called Strike 2-2: Strikes out swinging
|
|
Batting: LHB Nick Canizales
|
0-0: Called Strike 0-1: Ball 1-1: Ball 2-1: Ball 3-1: Ground out U3 (Groundball, 23, EV 81.3 MPH)
|
| Top of the 9th over - 0 runs, 1 hit, 0 errors, 1 left on base; Philadelphia 6 - Boston 6 |
| BOTTOM OF THE 9TH |
|
Boston Red Sox batting - Pitching for Philadelphia Phillies : RHP Rico Romero
|
|
Now at SS: Mitch Boyd
|
|
|
Now in LF: Jeff Luvisi
|
|
|
Pinch Hitting: LHB Brian Gray
|
0-0: Called Strike 0-1: Called Strike 0-2: Ball 1-2: Ball 2-2: Foul Ball, location: 2F 2-2: Ball 3-2: SINGLE (Line Drive, 6MD, EV 101.9 MPH)
|
|
Batting: LHB Kevin McCormic Jr.
|
0-0: Ball 1-0: Sac Bunt to 15S - play at first, batter OUT! 1-4 Brian Gray to second
|
|
Pinch Hitting: SHB Greg Prime
|
0-0: Intentional Walk
|
|
Batting: SHB Brace Harper
|
0-0: Ball 1-0: Foul Ball, location: 2F 1-1: Swinging Strike 1-2: Ball 2-2: Strikes out swinging
|
|
Batting: SHB Robbie Rogers
|
0-0: Called Strike 0-1: Ball 1-1: Swinging Strike 1-2: SINGLE (Groundball, 6D, EV 100.6 MPH) Brian Gray to third Greg Prime to second Runner from 3rd tries for Home, SAFE, throw by CF to home
|
| Bottom of the 9th over - 1 run, 2 hits, 0 errors, 0 left on base; Philadelphia 6 - Boston 7 |
| |
|
Game Over ... Boston defeats Philadelphia, 7 to 6
|
|
|